[Event "Titled Tuesday Blitz January 04 2022"]
[White "Deac, Bogdan-Daniel"]
[Black "Christiansen, Johan-Sebastian"]
[WhiteFideId "1226380"]
[BlackFideId "1512668"]
[WhiteElo "2646"]
[BlackElo "2513"]
[Result "1-0"]
[Round "04"]
[TimeControl "180+1"]
[Date "2022.01.04"]
[WhiteClock "0:00:06"]
[BlackClock "0:00:03"]

1. e4 e5 2. Nf3 Nc6 3. d4 exd4 4. Nxd4 Nf6 5. Nxc6 bxc6 6. e5 Qe7 7. Qe2 Nd5 8. h4 a5 9. Nd2 a4 10. c4 Nb6 11. Qe4 Qe6 12. Bd3 d5 13. exd6 cxd6 14. O-O Qxe4 15. Nxe4 Be7 16. Re1 Be6 17. Bf4 d5 18. cxd5 Nxd5 19. Bg5 Rb8 20. Bc2 h6 21. Bxe7 Kxe7 22. Bxa4 Rxb2 23. Bxc6 Nb4 24. Ba4 Rxa2 25. Rxa2 Nxa2 26. Nc5 Ra8 27. Bb3 Nc3 28. Nxe6 fxe6 29. Rxe6+ Kf8 30. g3 Nb5 31. Re4 Nd6 32. Rf4+ Ke7 33. Kg2 Rb8 34. Bd5 Rb2 35. Rg4 Rd2 36. Bf3 Kf6 37. h5 Nf5 38. Rg6+ Ke7 39. Be4 Ne3+ 40. Kf3 Nd1 41. Rxg7+ Kf8 42. Rh7 Rxf2+ 43. Kg4 Ne3+ 44. Kh3 Nf1 45. Bg6 Rh2+ 46. Kg4 Rg2 47. Kf3 Rxg3+ 48. Kf2 Rxg6 49. hxg6 Nh2 50. Kg3 Nf1+ 51. Kf4 Kg8 52. Kf5 Nd2 53. Ke5 Nf3+ 54. Kf6 Ng5 55. Re7 Kf8 56. g7+ Kg8 57. Re8+ Kh7 58. Rh8# 1-0


[Site "https://www.chess.com"]

[Event "Titled Tuesday Blitz January 04 2022"]
[White "Gokerkan, Cem Kaan"]
[Black "Drozdowski, Kacper"]
[WhiteFideId "6336760"]
[BlackFideId "1136720"]
[WhiteElo "2382"]
[BlackElo "2507"]
[Result "1/2-1/2"]
[Round "04"]
[TimeControl "180+1"]
[Date "2022.01.04"]
[WhiteClock "0:00:09"]
[BlackClock "0:00:32"]

1. e4 c5 2. Nf3 e6 3. d4 cxd4 4. Nxd4 Nc6 5. Nc3 Qc7 6. Be3 a6 7. Qd2 Nf6 8. f4 Bb4 9. Bd3 d6 10. a3 Bc5 11. Nxc6 Qxc6 12. Bxc5 Qxc5 13. O-O-O O-O 14. g4 Nxg4 15. Rhg1 f5 16. exf5 exf5 17. Rg3 Be6 18. Qg2 Rf7 19. Re1 Re8 20. Bxf5 Qxf5 21. Rxg4 h6 22. h3 Bd7 23. Rxe8+ Bxe8 24. Qd5 Qxd5 25. Nxd5 Bd7 26. Rg3 Bc6 27. Rd3 Kf8 28. Nb4 Be4 29. Rxd6 Rxf4 30. Rd4 g5 31. Kd2 Bf5 32. Rxf4 gxf4 33. h4 Kf7 34. Nd5 f3 35. Ke3 Bxc2 36. Kxf3 Ke6 37. Ne3 Bd3 38. Kf4 a5 39. Ng4 h5 40. Ne5 Be2 41. Ke4 Kd6 42. Ng6 Kc5 43. Nf4 Bd1 44. Kd3 b5 45. Kc3 b4+ 46. axb4+ axb4+ 47. Kd3 Bg4 48. Ng2 Bf5+ 49. Ke3 Kc4 50. Kd2 Kd4 51. Ne3 Be4 52. Nf1 Bf3 53. Ne3 Be4 54. Nf1 Bg6 55. Ng3 b3 56. Ke2 Bf7 57. Kd2 Be8 58. Ke2 Bd7 59. Kd2 Bg4 60. Nf1 Ke4 61. Kc3 Kf4 62. Kxb3 Be2 63. Nd2 Kg4 64. Ne4 Kxh4 65. Nf6 Kg5 66. Nxh5 Bxh5 67. Kc3 Kf6 68. b4 Ke7 69. b5 Kd7 70. b6 Kc6 71. b7 Kxb7 1/2-1/2


[Site "https://www.chess.com"]

[Event "Titled Tuesday Blitz January 04 2022"]
[White "Goltsev, Dmitry"]
[Black "Danada, Tomas"]
[WhiteFideId "24176710"]
[BlackFideId "14919362"]
[WhiteElo "2273"]
[BlackElo "2051"]
[Result "0-1"]
[Round "04"]
[TimeControl "180+1"]
[Date "2022.01.04"]
[WhiteClock "0:00:03"]
[BlackClock "0:00:04"]

1. e4 d5 2. exd5 Qxd5 3. Nf3 Nc6 4. d4 Bg4 5. Be2 O-O-O 6. c3 e5 7. dxe5 Qxd1+ 8. Bxd1 Nxe5 9. O-O Bxf3 10. gxf3 Nf6 11. Bf4 Nd3 12. Bg5 h6 13. Bh4 g5 14. Bg3 h5 15. h3 h4 16. Bh2 Nh5 17. Bb3 Rd7 18. Nd2 Nhf4 19. Ne4 Nxh3+ 20. Kg2 Ndf4+ 21. Kh1 Be7 22. Bxf7 Rf8 23. Bc4 Rfd8 24. b3 c6 25. a4 b6 26. b4 Kb7 27. b5 Rc7 28. a5 cxb5 29. Bxb5 bxa5 30. Rxa5 Kb6 31. Rfa1 Rd1+ 32. Rxd1 Kxa5 33. c4 Kb4 34. Rb1+ Ka3 35. Rd1 Kb3 36. Rd5 Nxd5 37. cxd5 Rc2 38. Bb8 Nxf2+ 39. Nxf2 Rxf2 40. d6 Bd8 41. Bxa7 Rxf3 42. Kh2 g4 43. Bd7 Rf4 44. Kg2 Kb4 45. Be3 Re4 46. Bf2 g3 47. Ba7 Re2+ 48. Kf3 Rd2 49. Bb8 g2 50. Ba7 Ka5 51. Bh3 Bb6 52. Bxb6+ Kxb6 53. Bxg2 Rxd6 54. Kg4 Rd4+ 55. Kh3 Kc5 56. Bf3 Kd6 57. Bg4 Ke5 58. Kxh4 Kf4 59. Kh5 Rd5+ 60. Kh4 Rd8 61. Bc8 Rh8# 0-1


[Site "https://www.chess.com"]

[Event "Titled Tuesday Blitz January 04 2022"]
[White "Grandelius, Nils"]
[Black "Daggupati, Balaji"]
[WhiteFideId "1710400"]
[BlackFideId "2090759"]
[WhiteElo "2617"]
[BlackElo "2672"]
[Result "1-0"]
[Round "04"]
[TimeControl "180+1"]
[Date "2022.01.04"]
[WhiteClock "0:02:07"]
[BlackClock "0:00:15"]

1. Nf3 d5 2. g3 Bg4 3. Bg2 c6 4. O-O Nd7 5. h3 Bh5 6. d4 Ngf6 7. c4 e6 8. cxd5 exd5 9. Ne5 Bg6 10. Nc3 Nxe5 11. dxe5 Ne4 12. Nxe4 Bxe4 13. Bxe4 dxe4 14. Qb3 Qc7 15. Bf4 Qb6 16. Qc2 Be7 17. Qxe4 O-O 18. b3 Rad8 19. Rfd1 Qa5 20. e6 f5 21. Qc4 g5 22. Bxg5 Qc7 23. Rd7 Qe5 24. Rad1 Rxd7 25. exd7+ Kg7 26. Bxe7 Qxe7 27. Qd4+ 1-0


[Site "https://www.chess.com"]

[Event "Titled Tuesday Blitz January 04 2022"]
[White "Guseinov, Gadir"]
[Black "Hamitevici, Vladimir"]
[WhiteFideId "13401378"]
[BlackFideId "13902393"]
[WhiteElo "2581"]
[BlackElo "2359"]
[Result "1-0"]
[Round "04"]
[TimeControl "180+1"]
[Date "2022.01.04"]
[WhiteClock "0:00:32"]
[BlackClock "0:00:01"]

1. e4 c6 2. d4 d5 3. Nd2 dxe4 4. Nxe4 Bf5 5. Ng3 Bg6 6. h4 h6 7. Nf3 Nd7 8. h5 Bh7 9. Bd3 Bxd3 10. Qxd3 e6 11. Bd2 Ngf6 12. O-O-O c5 13. Ne4 Qb6 14. Nxf6+ Nxf6 15. dxc5 Bxc5 16. Ne5 Rc8 17. Rh4 Bxf2 18. Rb4 Qa6 19. Qxa6 bxa6 20. Rb7 O-O 21. Bb4 Bc5 22. Nd7 Nxd7 23. Rdxd7 Bxb4 24. Rxb4 Rc5 25. g4 a5 26. Rf4 a6 27. b3 f6 28. Rd6 Rfc8 29. c4 R8c6 30. Rd8+ Kh7 31. Rfd4 e5 32. R4d7 Rc7 33. Rd6 Re7 34. Rxa6 g6 35. Raa8 gxh5 36. Rh8+ Kg7 37. Rag8+ Kf7 38. gxh5 e4 39. Rf8+ Kg7 40. Rfg8+ Kf7 41. Rg4 Rxh5 42. Rh7+ Kf8 43. Rxe7 Kxe7 44. Rxe4+ Kd6 45. Kb2 Re5 46. Rd4+ Ke6 47. a3 h5 48. b4 axb4 49. axb4 f5 50. Rd8 Re4 51. Kc3 h4 52. Rh8 Rg4 53. b5 f4 54. b6 Rg7 55. Rxh4 Rf7 56. Rh6+ Kd7 57. c5 f3 58. c6+ Ke7 59. b7 f2 60. b8=Q f1=Q 61. Qd6+ Ke8 62. Re6+ Re7 63. Qxe7# 1-0


[Site "https://www.chess.com"]

[Event "Titled Tuesday Blitz January 04 2022"]
[White "Gvanceladze, Anna"]
[Black "Vokhidov, Shamsiddin"]
[WhiteFideId "4113721"]
[BlackFideId "14204223"]
[WhiteElo "2048"]
[BlackElo "2611"]
[Result "1/2-1/2"]
[Round "04"]
[TimeControl "180+1"]
[Date "2022.01.04"]
[WhiteClock "0:00:21"]
[BlackClock "0:00:35"]

1. e4 c5 2. Nf3 Nc6 3. Nc3 d6 4. d4 cxd4 5. Nxd4 Nf6 6. Bg5 Bd7 7. Qd2 a6 8. f4 e6 9. O-O-O b5 10. a3 Be7 11. Be2 Rc8 12. Bf3 b4 13. axb4 Nxb4 14. Nb3 Qc7 15. Bxf6 Bxf6 16. Qxd6 Qxd6 17. Rxd6 Bxc3 18. bxc3 Rxc3 19. Rb6 Nc6 20. Kb2 Rc4 21. Rd1 a5 22. e5 Nb4 23. c3 Nd5 24. Bxd5 exd5 25. Nxa5 Rc5 26. Nb3 Rc6 27. Rb8+ Rc8 28. Rxc8+ Bxc8 29. Rxd5 Ke7 30. Nc5 Bf5 31. c4 Rb8+ 32. Kc3 Rb1 33. Rd2 h5 34. g3 h4 35. gxh4 Rf1 36. Ra2 Rxf4 37. Ra7+ Kf8 38. Ra8+ Ke7 39. Ra7+ Kf8 40. Ra8+ Ke7 41. Ra7+ 1/2-1/2


[Site "https://www.chess.com"]

[Event "Titled Tuesday Blitz January 04 2022"]
[White "Harshavardhan G B"]
[Black "Babazada, Khazar"]
[WhiteFideId "25059009"]
[BlackFideId "13413554"]
[WhiteElo "1831"]
[BlackElo "2418"]
[Result "1/2-1/2"]
[Round "04"]
[TimeControl "180+1"]
[Date "2022.01.04"]
[WhiteClock "0:00:21"]
[BlackClock "0:00:09"]

1. e4 Nf6 2. e5 Nd5 3. d4 d6 4. Nf3 Nb6 5. Bd3 g6 6. Nc3 Bg7 7. Bf4 O-O 8. Qe2 Nc6 9. O-O-O Bg4 10. Qe3 Nb4 11. h3 Nxd3+ 12. Qxd3 Bf5 13. Qe2 dxe5 14. dxe5 Qe8 15. g4 Be6 16. Nd4 Bc4 17. Qf3 c6 18. h4 Rd8 19. h5 f6 20. Qe3 c5 21. Nb3 Nd5 22. Nxd5 Bxd5 23. hxg6 Qxg6 24. Rhe1 b6 25. exf6 exf6 26. f3 Qf7 27. Qf2 Rfe8 28. Qh2 Bxf3 29. Rxd8 Rxd8 30. Bh6 Qe6 31. Rg1 Qe2 32. Qxe2 Bxh6+ 33. Qd2 Bxd2+ 34. Nxd2 Bd5 35. g5 f5 36. c4 Be6 37. Nf3 Bxc4 38. b3 Bd5 39. Ne5 Re8 40. Nd7 Kg7 41. Nf6 Re5 42. Rd1 Be6 43. Rd8 Kg6 44. Re8 Kxg5 45. Nxh7+ Kg6 46. Re7 Re4 47. Kd2 Bd5 48. Nf8+ Kf6 49. Rxa7 Bc6 50. Rc7 Bb5 51. a4 Bf1 52. Nd7+ Ke6 53. Nxb6 Rb4 54. Nd7 Kd6 55. Rxc5 Kxd7 56. Rxf5 Bh3 57. Rf3 Be6 58. Kc2 Rxb3 59. Rxb3 Bxb3+ 60. Kxb3 Kc6 61. Kb4 Kb6 62. a5+ Ka7 63. Kb5 Ka8 64. Kb6 Kb8 65. a6 Ka8 66. a7 1/2-1/2


[Site "https://www.chess.com"]

[Event "Titled Tuesday Blitz January 04 2022"]
[White "Holt, Conrad"]
[Black "Wagner, Dennis"]
[WhiteFideId "2034387"]
[BlackFideId "24650684"]
[WhiteElo "2586"]
[BlackElo "2355"]
[Result "1-0"]
[Round "04"]
[TimeControl "180+1"]
[Date "2022.01.04"]
[WhiteClock "0:00:09"]
[BlackClock "0:00:08"]

1. d4 Nf6 2. c4 e6 3. Nc3 Bb4 4. Qc2 d5 5. cxd5 exd5 6. Bg5 h6 7. Bxf6 Qxf6 8. a3 Bxc3+ 9. Qxc3 O-O 10. e3 c6 11. Ne2 Bf5 12. Ng3 Bh7 13. Be2 Nd7 14. O-O Qd6 15. b4 a6 16. Rfc1 Rfc8 17. Bg4 Rc7 18. a4 Nf6 19. Bf3 Rac8 20. Qc5 Qd8 21. Qa5 Bd3 22. Ra3 Bc4 23. Be2 Bxe2 24. Nxe2 Ne4 25. Ra2 g6 26. Nf4 Nd6 27. Qc5 Nc4 28. a5 Qf6 29. Nd3 Kg7 30. Ne1 Nd6 31. Qc2 h5 32. Nd3 h4 33. Qd1 h3 34. g3 Qf5 35. Nf4 g5 36. g4 Qh7 37. Nh5+ Kf8 38. Qf3 Re7 39. Qxh3 Re4 40. Qf3 Qg6 41. h3 Ke7 42. Ng3 f5 43. gxf5 Qh7 44. Nxe4 dxe4 45. Qg4 Nxf5 46. Qxe4+ Kf6 47. Qf3 Ke7 48. d5 Nh4 49. Qg4 Kd8 50. dxc6 bxc6 51. Rd2+ Kc7 52. Rxc6+ Kxc6 53. Qxc8+ Kb5 54. Qd7+ Kxb4 55. Qxh7 Nf3+ 56. Kh1 Nxd2 57. Qf5 Kc3 58. Qxg5 Kc2 59. Qg6+ Kd1 60. Qxa6 Ke1 61. Qd3 Kxf2 62. Qxd2+ Kf1 63. Qg2+ Ke1 64. a6 1-0


[Site "https://www.chess.com"]

[Event "Titled Tuesday Blitz January 04 2022"]
[White "Howell, David W L"]
[Black "Provotorov, Ivan"]
[WhiteFideId "410608"]
[BlackFideId "4154657"]
[WhiteElo "2559"]
[BlackElo "2291"]
[Result "1-0"]
[Round "04"]
[TimeControl "180+1"]
[Date "2022.01.04"]
[WhiteClock "0:00:58"]
[BlackClock "0:00:02"]

1. e4 e6 2. d4 d5 3. e5 c5 4. c3 Qb6 5. Nf3 Nc6 6. Be2 cxd4 7. cxd4 Nge7 8. Na3 Nf5 9. Nc2 Bb4+ 10. Kf1 Be7 11. h4 Bd7 12. h5 Rc8 13. g3 Nb4 14. Nxb4 Qxb4 15. Kg2 Bb5 16. Bxb5+ Qxb5 17. g4 Nh6 18. Bxh6 gxh6 19. Qd2 Rg8 20. Kh3 Bb4 21. Qxh6 Qd3 22. Qe3 Qe4 23. Rhg1 Rc2 24. Rac1 Rxc1 25. Qxe4 Rxg1 26. Qc2 R1xg4 27. Qc8+ Ke7 28. Qxb7+ Ke8 29. Qa8+ Kd7 30. Qxa7+ Kc6 31. Qa4+ Kc7 32. Qxb4 Rf4 33. Qc3+ Kd7 34. Qe3 Rgg4 35. a4 Re4 36. Qa3 Kc6 37. a5 Kb7 38. Qe7+ Ka6 39. Qb4 1-0


[Site "https://www.chess.com"]

[Event "Titled Tuesday Blitz January 04 2022"]
[White "Ibrahimli, Murad"]
[Black "Padmini, Rout"]
[WhiteFideId "13410229"]
[BlackFideId "5029295"]
[WhiteElo "2109"]
[BlackElo "2181"]
[Result "0-1"]
[Round "04"]
[TimeControl "180+1"]
[Date "2022.01.04"]
[WhiteClock "0:00:08"]
[BlackClock "0:00:24"]

1. d4 Nf6 2. c4 g6 3. Nf3 Bg7 4. g3 O-O 5. Bg2 c6 6. O-O d5 7. b3 Bf5 8. Bb2 Nbd7 9. Nbd2 Ne4 10. e3 Nxd2 11. Qxd2 Be4 12. Qe2 a5 13. Bh3 Bxf3 14. Qxf3 e6 15. Rfd1 a4 16. Qe2 axb3 17. axb3 Qb6 18. Qc2 Rfc8 19. c5 Qd8 20. b4 Rxa1 21. Rxa1 Ra8 22. Qb3 Rxa1+ 23. Bxa1 Qa8 24. Bc3 b5 25. cxb6 Nxb6 26. b5 Bf8 27. Bf1 cxb5 28. Qxb5 Nc8 29. Bd3 Nd6 30. Qb3 Ne4 31. Bb2 Qa5 32. Qc2 Nd6 33. Kg2 Qa2 34. Bc1 Qxc2 35. Bxc2 f5 36. f3 Kf7 37. Kf2 Be7 38. Ke2 h5 39. Bd2 h4 40. Be1 hxg3 41. hxg3 g5 42. Kd3 Nc4 43. Bb3 Nd6 44. Kc3 Ne8 45. Bd1 Nf6 46. g4 fxg4 47. fxg4 Bd6 48. Kb3 Ke7 49. Ka4 Ne4 50. Kb5 Bg3 51. Bxg3 Nxg3 52. Bc2 Nf1 53. e4 Ne3 54. Bd3 dxe4 55. Bxe4 Nxg4 56. d5 Nf6 57. Bg2 Nxd5 58. Kc5 Nf4 59. Kd4 Kf6 60. Be4 e5+ 61. Ke3 g4 62. Bc6 Ne6 63. Ke4 Nc5+ 64. Kd5 Nd3 65. Ke4 Nf2+ 66. Ke3 Nh3 67. Bg2 Kf5 68. Be4+ Kf6 69. Bg2 Ng5 70. Kf2 Kf5 71. Kg3 Ne4+ 72. Kh4 Kf4 73. Kh5 Nd2 74. Kh4 Nf3+ 75. Kh5 e4 76. Bf1 e3 77. Kg6 Ng1 0-1


[Site "https://www.chess.com"]

[Event "Titled Tuesday Blitz January 04 2022"]
[White "Kosakowski, Jakub"]
[Black "Sliwicka, Alicja"]
[WhiteFideId "1185080"]
[BlackFideId "1150677"]
[WhiteElo "2476"]
[BlackElo "2120"]
[Result "1-0"]
[Round "04"]
[TimeControl "180+1"]
[Date "2022.01.04"]
[WhiteClock "0:01:39"]
[BlackClock "0:01:42"]

1. d4 Nf6 2. Bf4 d5 3. e3 c5 4. Nd2 Nc6 5. c3 g6 6. Ngf3 Bg7 7. Bb5 Bd7 8. h3 O-O 9. O-O b6 10. a4 a6 11. Be2 Nh5 12. Bh2 Re8 13. Ne5 Nf6 14. f4 cxd4 15. exd4 Rc8 16. Bxa6 Rc7 17. Bb5 Ne4 18. Nxe4 dxe4 19. Nxd7 Qxd7 20. d5 Qf5 21. dxc6 Qc5+ 22. Kh1 e3 23. Qe2 e5 24. Rad1 exf4 25. Bxf4 g5 26. Bxc7 1-0


[Site "https://www.chess.com"]

[Event "Titled Tuesday Blitz January 04 2022"]
[White "Kravtsiv, Martyn"]
[Black "Grischuk, Alexander"]
[WhiteFideId "14113147"]
[BlackFideId "4126025"]
[WhiteElo "2694"]
[BlackElo "2762"]
[Result "1/2-1/2"]
[Round "04"]
[TimeControl "180+1"]
[Date "2022.01.04"]
[WhiteClock "0:00:05"]
[BlackClock "0:00:10"]

1. e4 c5 2. Nf3 d6 3. Bb5+ Nd7 4. d4 cxd4 5. Qxd4 a6 6. Bxd7+ Bxd7 7. O-O Rc8 8. c4 e5 9. Qd3 b5 10. Na3 Qb6 11. cxb5 axb5 12. Bd2 Be7 13. Rac1 Rxc1 14. Rxc1 Nf6 15. Bb4 d5 16. Bxe7 dxe4 17. Qd6 Qxd6 18. Bxd6 exf3 19. gxf3 Nd5 20. Rc5 Be6 21. Rxb5 Kd7 22. Bxe5 Rc8 23. Rb7+ Kc6 24. Rb8 Rxb8 25. Bxb8 Nb4 26. Kf1 Bxa2 27. Ke2 Be6 28. Be5 f6 29. Bc3 Nd5 30. Bd2 Kc5 31. Bc3 h5 32. Kd2 h4 33. Nc2 Kc4 34. Nd4 Bd7 35. b3+ Kc5 36. Nc2 g5 37. Na3 f5 38. Nc4 Be6 39. Ne5 g4 40. fxg4 fxg4 41. Nd3+ Kb5 42. Kc2 Bf5 43. Kd2 Be4 44. Ne5 Bf5 45. Nf7 Be6 46. Ng5 Bf5 47. Nf7 Be6 48. Nd6+ Kc6 49. Ne4 Bf5 50. Ng5 Kb5 51. f3 g3 52. hxg3 hxg3 53. Bd4 g2 54. Bg1 Kb4 55. Ke1 Nf4 56. Kf2 Nh3+ 57. Nxh3 Bxh3 58. Bh2 Kxb3 59. f4 Bf5 60. Kxg2 Kc4 61. Kg3 Kd5 62. Kh4 Ke6 63. Kg5 Be4 64. f5+ Bxf5 1/2-1/2


[Site "https://www.chess.com"]

[Event "Titled Tuesday Blitz January 04 2022"]
[White "Krishnan, Varun"]
[Black "Ibarra Jerez, Jose Carlos"]
[WhiteFideId "5054508"]
[BlackFideId "2226332"]
[WhiteElo "2537"]
[BlackElo "2626"]
[Result "0-1"]
[Round "04"]
[TimeControl "180+1"]
[Date "2022.01.04"]
[WhiteClock "0:00:04"]
[BlackClock "0:00:18"]

1. e4 e6 2. d4 d5 3. Nc3 Nf6 4. e5 Nfd7 5. f4 c5 6. Nf3 Nc6 7. Be3 Be7 8. Qd2 O-O 9. dxc5 Qa5 10. O-O-O b6 11. cxb6 Nxb6 12. Kb1 Rb8 13. Nd4 Nxd4 14. Bxd4 Bd7 15. f5 exf5 16. b3 Bb4 17. Qe3 Rfc8 18. e6 Bxe6 19. Qe5 Bf8 20. g4 fxg4 21. h3 Nd7 22. Qh5 Rxc3 23. hxg4 h6 24. g5 Rxc2 25. Kxc2 Qxa2+ 26. Kd3 Rxb3+ 27. Bc3 Bf5+ 28. Kd4 Qf2+ 29. Kxd5 Qc5# 0-1


[Site "https://www.chess.com"]

[Event "Titled Tuesday Blitz January 04 2022"]
[White "Krivonosov, Oleg"]
[Black "Moroni, Luca Jr"]
[WhiteFideId "11600349"]
[BlackFideId "865834"]
[WhiteElo "2455"]
[BlackElo "2573"]
[Result "0-1"]
[Round "04"]
[TimeControl "180+1"]
[Date "2022.01.04"]
[WhiteClock "0:00:34"]
[BlackClock "0:00:15"]

1. Nf3 g6 2. d4 Bg7 3. c4 d6 4. Nc3 Nc6 5. d5 Ne5 6. Nxe5 Bxe5 7. e4 Nf6 8. Bd3 O-O 9. O-O e6 10. h3 exd5 11. exd5 Nh5 12. Qf3 Qh4 13. Bd2 g5 14. Qe4 Qxe4 15. Nxe4 h6 16. Bc3 f5 17. Ng3 Nxg3 18. fxg3 Bxg3 19. Rf3 f4 20. Be1 Bxe1 21. Rxe1 Bf5 22. Bxf5 Rxf5 23. Rf2 Raf8 24. Re6 R8f6 25. Re7 Rf7 26. Re6 Kg7 27. Rf1 h5 28. Rfe1 f3 29. Rf1 fxg2 30. Rxf5 Rxf5 31. Kxg2 Re5 32. Rxe5 dxe5 33. Kf3 a5 34. b3 Kf6 35. Ke4 g4 36. hxg4 hxg4 37. c5 Ke7 38. a3 b6 39. b4 axb4 40. axb4 Kd7 41. Ke3 Kc8 42. Ke4 Kb7 43. Ke3 bxc5 44. bxc5 Ka6 45. Ke4 Kb5 46. c6 g3 0-1


[Site "https://www.chess.com"]

[Event "Titled Tuesday Blitz January 04 2022"]
[White "Lucas, Arthur"]
[Black "Harutjunyan, Gevorg"]
[WhiteFideId "26093073"]
[BlackFideId "13300873"]
[WhiteElo "2129"]
[BlackElo "2498"]
[Result "0-1"]
[Round "04"]
[TimeControl "180+1"]
[Date "2022.01.04"]
[WhiteClock "0:00:01"]
[BlackClock "0:00:38"]

1. e4 c6 2. Nc3 d5 3. Nf3 dxe4 4. Nxe4 Nf6 5. Qe2 Nxe4 6. Qxe4 Qa5 7. b4 Qf5 8. Qxf5 Bxf5 9. c4 e6 10. a3 a5 11. b5 cxb5 12. cxb5 Bc5 13. Be2 Nd7 14. O-O Ke7 15. Bb2 f6 16. Rfe1 g5 17. Bc4 Nb6 18. Ba2 Na4 19. Bd4 Rhd8 20. Bxc5+ Nxc5 21. d4 Nd3 22. Re3 Nf4 23. g3 Nd5 24. Ree1 Rac8 25. Rac1 Kd6 26. Nd2 Bd3 27. Bxd5 Kxd5 28. Nb3 b6 29. Rc6 Rxc6 30. bxc6 Rc8 31. Rd1 Bc2 0-1


[Site "https://www.chess.com"]

[Event "Titled Tuesday Blitz January 04 2022"]
[White "Maghsoodloo, Parham"]
[Black "Ten Hertog, Hugo"]
[WhiteFideId "12539929"]
[BlackFideId "1026356"]
[WhiteElo "2630"]
[BlackElo "2493"]
[Result "0-1"]
[Round "04"]
[TimeControl "180+1"]
[Date "2022.01.04"]
[WhiteClock "0:00:11"]
[BlackClock "0:00:05"]

1. e4 g6 2. d4 Bg7 3. Nc3 d6 4. h4 h6 5. h5 g5 6. f4 gxf4 7. Bxf4 Nc6 8. Nf3 Bg4 9. Be3 Nf6 10. d5 Ne5 11. Be2 Nxf3+ 12. Bxf3 Bxf3 13. gxf3 Nd7 14. Bd4 Bxd4 15. Qxd4 Rg8 16. O-O-O Nf6 17. Rdg1 Rxg1+ 18. Qxg1 Kd7 19. Qe3 Qg8 20. Ne2 Qg5 21. Kd2 Qxe3+ 22. Kxe3 Rg8 23. Kf2 e6 24. c4 c6 25. dxe6+ fxe6 26. Ng3 Rf8 27. Rd1 Ng4+ 28. Ke2 Ne5 29. c5 Rxf3 30. Rxd6+ Ke7 31. Nh1 Rh3 32. Nf2 Rxh5 33. Rd1 a5 34. a3 Rh2 35. Rg1 h5 36. Ke3 Ng4+ 37. Nxg4 hxg4 38. b4 axb4 39. a4 Ra2 40. Rxg4 Rxa4 41. Rg7+ Kf6 42. Rxb7 Ke5 43. Kd3 Ra3+ 44. Kc4 Re3 45. Rd7 Rxe4+ 46. Kb3 Rd4 47. Rh7 Kd5 48. Rh5+ e5 49. Ka4 Re4 50. Rh1 Kxc5 51. Ka5 Rc4 52. Re1 Kd5 53. Ka4 c5 54. Rh1 Rd4 55. Kb5 b3 56. Rh8 Rb4+ 57. Ka5 b2 0-1


[Site "https://www.chess.com"]

[Event "Titled Tuesday Blitz January 04 2022"]
[White "Maksimovic, Bojan"]
[Black "Andreikin, Dmitry"]
[WhiteFideId "14408120"]
[BlackFideId "4158814"]
[WhiteElo "2450"]
[BlackElo "2736"]
[Result "0-1"]
[Round "04"]
[TimeControl "180+1"]
[Date "2022.01.04"]
[WhiteClock "0:00:01"]
[BlackClock "0:00:04"]

1. d4 d5 2. c4 c6 3. Nf3 Nf6 4. e3 a6 5. Nc3 b5 6. b3 Bg4 7. Be2 e6 8. O-O Nbd7 9. Bb2 Bd6 10. Rc1 O-O 11. a4 bxc4 12. bxc4 Bxf3 13. Bxf3 Bxh2+ 14. Kxh2 Qb8+ 15. g3 Qxb2 16. Qc2 Rab8 17. Kg2 h5 18. Ne2 g5 19. Nc3 Kg7 20. Rh1 g4 21. Be2 a5 22. cxd5 cxd5 23. Nb5 Qxc2 24. Rxc2 Rfc8 25. Rhc1 Rxc2 26. Rxc2 Nb6 27. Rc7 Ne4 28. Bd3 Nxa4 29. Ra7 Nb2 30. Bxe4 Rxb5 31. Bc2 Nc4 32. Bd3 Kf6 33. Be2 Kg6 34. Bd3+ f5 35. Ra6 Kf6 36. Be2 Ke7 37. Bd3 Kd7 38. Be2 Rb7 39. Bxc4 dxc4 40. Rxa5 c3 41. Ra1 c2 42. Rc1 Rc7 43. Kf1 Kd6 44. Ke2 Kd5 45. Kd3 Ra7 46. Rxc2 Ra3+ 47. Rc3 Ra2 48. Rc5+ Kd6 49. Rc2 Ra3+ 50. Ke2 Ra5 51. Kd3 Kd5 52. Rc3 Rb5 53. Ra3 Rb2 54. Ra5+ Kd6 55. Ra6+ Ke7 56. Ra7+ Kf6 57. Rh7 Kg6 58. Re7 Kf6 59. Rh7 Rxf2 60. Rh6+ Kf7 61. Rxh5 Rg2 62. d5 Rxg3 63. Kd4 Rf3 64. d6 g3 65. Rh7+ Ke8 66. Rg7 Kd8 67. Ke5 Rxe3+ 68. Kf6 f4 69. d7 Re2 70. Rg4 g2 0-1


[Site "https://www.chess.com"]

[Event "Titled Tuesday Blitz January 04 2022"]
[White "Manukyan, Artyom"]
[Black "Martinez Alcantara, Jose Eduardo"]
[WhiteFideId "13305786"]
[BlackFideId "3805662"]
[WhiteElo "2034"]
[BlackElo "2690"]
[Result "0-1"]
[Round "04"]
[TimeControl "180+1"]
[Date "2022.01.04"]
[WhiteClock "0:00:12"]
[BlackClock "0:01:07"]

1. e4 c5 2. Nc3 d6 3. f4 g6 4. Nf3 Bg7 5. Bc4 e6 6. O-O Ne7 7. d3 O-O 8. Bb3 Nbc6 9. Qe1 Nd4 10. Nxd4 cxd4 11. Ne2 Kh8 12. Bd2 f5 13. Ng3 Bd7 14. exf5 exf5 15. c3 Nc6 16. Kh1 Qb6 17. cxd4 Rfe8 18. Qf2 Bxd4 19. Qf3 Bg7 20. Bc3 Nd4 21. Qd1 Bc6 22. Bc4 a5 23. Re1 Rxe1+ 24. Qxe1 d5 25. Bb3 a4 26. Bd1 Qc7 27. Qf2 Ne6 28. Bxg7+ Qxg7 29. Bf3 Qd4 30. Qxd4+ Nxd4 31. Rc1 Re8 32. Kg1 Nxf3+ 33. gxf3 d4 34. Kf2 Re3 35. Rc4 Rxd3 36. Ke2 Re3+ 37. Kd2 Rxf3 38. Rxd4 Rf2+ 39. Kc3 Rxh2 40. b4 axb3 41. axb3 Rh3 42. Rd3 h5 43. Kd2 h4 44. Rd8+ Kh7 45. Ne2 Rxb3 46. Rc8 h3 47. Rc7+ Kh6 0-1


[Site "https://www.chess.com"]

[Event "Titled Tuesday Blitz January 04 2022"]
[White "Matinian, Nikita"]
[Black "Yurovskykh, Oleksandr"]
[WhiteFideId "24129100"]
[BlackFideId "14134020"]
[WhiteElo "2422"]
[BlackElo "2292"]
[Result "1-0"]
[Round "04"]
[TimeControl "180+1"]
[Date "2022.01.04"]
[WhiteClock "0:00:05"]
[BlackClock "0:00:05"]

1. e4 d5 2. exd5 Qxd5 3. Nf3 Bg4 4. Be2 Nc6 5. h3 Bxf3 6. Bxf3 Qe5+ 7. Qe2 Qxe2+ 8. Bxe2 O-O-O 9. c3 e5 10. d3 f5 11. Nd2 g6 12. a4 Bh6 13. a5 Nf6 14. a6 b6 15. Nc4 Bxc1 16. Rxc1 e4 17. d4 Nd5 18. g3 g5 19. Ne3 Nce7 20. h4 h6 21. Kd2 f4 22. Nxd5 Nxd5 23. hxg5 hxg5 24. Bg4+ Kb8 25. Be6 c6 26. gxf4 gxf4 27. Bxd5 cxd5 28. Rcg1 Rxh1 29. Rxh1 Rd7 30. Rh4 Rf7 31. Rh5 Rd7 32. Rf5 f3 33. Ke3 Kc7 34. b3 b5 35. Rf6 Rh7 36. Rf5 Rd7 37. Rf8 Kb6 38. Rf6+ Ka5 39. Rc6 Rh7 40. Rc5 Rd7 41. c4 Kxa6 42. Rxb5 Rh7 43. Rxd5 Rh4 44. Rd6+ Ka5 45. Rd5+ Kb4 46. Rb5+ Kc3 47. d5 a6 48. Rb6 Rg4 49. d6 Rg8 50. c5 Rc8 51. c6 Rd8 52. d7 Kc2 53. c7 Rxd7 54. c8=Q+ 1-0


[Site "https://www.chess.com"]

[Event "Titled Tuesday Blitz January 04 2022"]
[White "Narayanan.S.L"]
[Black "Darini, Pouria"]
[WhiteFideId "5058422"]
[BlackFideId "12502200"]
[WhiteElo "2494"]
[BlackElo "2489"]
[Result "1-0"]
[Round "04"]
[TimeControl "180+1"]
[Date "2022.01.04"]
[WhiteClock "0:00:16"]
[BlackClock "0:00:06"]

1. e4 c5 2. Nf3 d6 3. d4 cxd4 4. Qxd4 Nf6 5. Bg5 Nc6 6. Qe3 g6 7. Nc3 Bg7 8. O-O-O Qa5 9. Bc4 O-O 10. h3 Be6 11. Bb3 Bxb3 12. cxb3 Rac8 13. Kb1 Rfe8 14. a3 Qa6 15. b4 Qc4 16. Qd3 Qxd3+ 17. Rxd3 Nd7 18. Nd5 Kf8 19. Rc1 h6 20. Be3 a6 21. Rd2 Nce5 22. Nxe5 Rxc1+ 23. Kxc1 Rc8+ 24. Rc2 Rxc2+ 25. Kxc2 Nxe5 26. b3 Nd7 27. a4 e6 28. Nf4 Ke7 29. f3 Ne5 30. Ne2 Nc6 31. Bd2 b5 32. Bc3 Bxc3 33. Kxc3 Kd7 34. h4 Kc7 35. Nf4 Ne5 36. Ne2 Kc6 37. Nd4+ Kb6 38. f4 Nc6 39. Nf3 Ne7 40. g4 Nc6 41. h5 gxh5 42. gxh5 Ne7 43. Nd4 d5 44. e5 Nc6 45. Nf3 Ne7 46. Nh4 Kc6 47. Kd3 Kb6 48. Kc3 Kc6 49. Kc2 Kb6 50. Kd3 Kc6 51. Nf3 Nf5 52. Nh2 Ng3 53. Ng4 Nxh5 54. Ke3 Ng3 55. Nxh6 Nf1+ 56. Kd3 Ng3 57. Nxf7 Kd7 58. Nd6 Kc6 59. Ne8 Nf5 60. Nf6 Kb6 61. Nd7+ Kc6 62. Nc5 bxa4 63. bxa4 a5 64. Nxe6 axb4 65. Nd4+ Nxd4 66. Kxd4 Kb6 67. e6 Kc6 68. f5 Kd6 69. a5 b3 70. Kc3 b2 71. Kxb2 d4 72. Kc2 1-0


[Site "https://www.chess.com"]